Match 19819014
Unlisted

Match 19819014
End
Construct Infanterie Kompanie
Selects Luftwaffe Battlegroup
Selects Luftwaffe Pioneer Support
Fallschirmpioneer Squad Paradrop
MG 42 Machine Gun Team
Fallschirmpioneer Squad Paradrop
Construct Panzergrenadier Kompanie
Selects Reconnaissance Run
Medical Station
Selects Fallschirmjäger Squad Paradrop
Fallschirmjäger Squad Paradrop
251 Medium Carrier
Fallschirmjäger Squad Paradrop
Selects Fragmentation Bombs
Fallschirmpioneer Squad Paradrop
Pak 40 Anti-tank Gun Team
Fragmentation Bombs
Construct Panzer Kompanie
Selects LG40 Recoilless Gun Paradrop
Panzer IV Medium Tank
Side Skirts
Panzer Officer Quarters
Selects Infantry Reserves
Panzer IV Medium Tank
Fragmentation Bombs
Fallschirmpioneer Squad Paradrop
Ermac
Lost
Mixrundiy
Steven Stone
PonyBay
SEX-IINSTRUCTOR
0
0

Comments sign in to comment!

No comments posted yet!